Map: Abiogenesis LE

Players

Infamous

  • Race: Protoss Protoss
  • League: Silver
  • Spawn Location: 5:00

MacDugle - Winner!

  • Race: Protoss Protoss
  • League: Gold
  • Spawn Location: 11:00

VOD

Have the link to the VOD?

Description

Time

  • Played on: April 4, 2018, 5:45 p.m.
  • Length: 8:36
Show
View Real Time Build Order
Export as new Build Order

Infamous Protoss 

Build Orders:  

Get SALT Encoding   

  12  0:01  Probe  
  13  0:16  Pylon  
  13  0:17  Probe  
  14  0:29  Probe (Chrono Boost)  
  15  0:35  Gateway  
  15  0:41  Probe (Chrono Boost)  
  16  0:48  Probe (Chrono Boost)  
  17  0:51  Assimilator  
  17  0:57  Probe  
  17  1:03  Assimilator  
  18  1:11  Gateway  
  18  1:16  Probe  
  19  1:26  Cybernetics Core  
  19  1:38  Pylon  
  19  1:41  Probe  
  20  1:53  Probe  
  21  2:03  Pylon, Warp Gate  
  21  2:05  Stalker (Chrono Boost)  
  22  2:18  Probe  
  22  2:20  Stalker (Chrono Boost)  
  25  2:30  Probe  
  26  2:43  Probe  
  27  3:03  Stalker  
  27  3:04  Stalker  
  22  3:15  Probe (Chrono Boost)  
  19  3:25  Probe (Chrono Boost)  
  20  3:31  Probe  
  17  3:43  Probe  
  18  3:55  Probe  
  19  4:05  Forge  
  19  4:07  Probe (Chrono Boost)  
  20  4:19  Probe (Chrono Boost)  
  21  4:28  Robotics Facility  
  21  4:33  Probe  
  22  4:39  Sentry  
  22  4:45  Probe  
  25  4:56  Photon Cannon  
  25  5:00  Adept  
  25  5:05  Probe (Chrono Boost)  
  28  5:16  Observer  
  28  5:17  Probe (Chrono Boost)  
  28  5:19  Pylon  
  30  5:21  Protoss Ground Weapons Level 1  
  30  5:24  Probe (Chrono Boost)  
  31  5:37  Probe  
  32  5:49  Probe  
  33  5:58  Zealot  
  33  5:59  Zealot  
  33  6:01  Pylon  
  37  6:19  Probe (Chrono Boost), Immortal  
  42  6:29  Probe (Chrono Boost)  
  42  6:31  Zealot x2  
  47  6:46  Nexus  
  47  7:08  Robotics Bay  
  47  7:19  Photon Cannon, Shield Battery  
  47  7:35  Probe  
  44  7:38  Zealot x2  
  42  7:47  Probe  
  28  8:00  Probe  
  28  8:02  Zealot x2  
  33  8:10  Pylon  
  23  8:20  Gateway  
  23  8:21  Gateway  
  23  8:22  Probe x2  
  9  8:29  Pylon  
Show
View Real Time Build Order
Export as new Build Order

MacDugle Protoss - Winner!

Build Orders:  

Get SALT Encoding   

  12  0:11  Pylon  
  12  0:28  Probe (Chrono Boost)  
  13  0:39  Probe (Chrono Boost)  
  13  0:40  Gateway  
  14  0:49  Gateway  
  14  0:52  Probe  
  15  1:06  Probe  
  16  1:19  Probe  
  17  1:27  Zealot (Chrono Boost)  
  19  1:39  Zealot (Chrono Boost)  
  20  1:42  Probe  
  21  1:51  Zealot  
  23  2:09  Pylon  
  23  2:19  Pylon  
  23  2:20  Probe  
  23  2:25  Zealot (Chrono Boost)  
  27  2:32  Probe  
  27  2:34  Zealot (Chrono Boost)  
  26  3:10  Zealot x2  
  26  3:37  Nexus, Zealot (Chrono Boost)  
  26  3:39  Zealot (Chrono Boost)  
  26  3:49  Assimilator  
  26  3:50  Assimilator  
  26  4:02  Forge  
  26  4:03  Cybernetics Core  
  26  4:05  Zealot (Chrono Boost)  
  30  4:13  Zealot (Chrono Boost)  
  30  4:17  Probe  
  31  4:26  Zealot (Chrono Boost)  
  31  4:29  Probe  
  31  4:30  Zealot  
  36  4:41  Probe, Warp Gate  
  37  4:53  Probe  
  37  4:54  Photon Cannon  
  38  5:02  Zealot (Chrono Boost)  
  38  5:03  Twilight Council  
  42  5:14  Probe  
  42  5:15  Zealot (Chrono Boost)  
  42  5:17  Probe  
  44  5:28  Zealot (Chrono Boost)  
  46  5:29  Probe  
  46  5:34  Zealot (Chrono Boost)  
  47  5:39  Probe  
  47  5:42  Charge (Chrono Boost)  
  50  5:53  Zealot  
  52  6:03  Pylon  
  52  6:10  Protoss Shields Level 1  
  52  6:13  Probe  
  52  6:15  Probe  
  54  6:22  Zealot  
  56  6:27  Zealot  
  56  6:32  Probe  
  59  6:33  Probe  
  60  6:47  Pylon  
  60  6:49  Zealot  
  62  7:04  Gateway  
  62  7:08  Gateway  
  62  7:25  Zealot  
  54  7:44  Zealot  
  48  8:22  Zealot  
Tags
 
Matchup
PvP
Replay Pack
Last Remnant (2)
Spawn Locations
Cross Positions
Add a new tag
Caveats
  • Supply blocks, unpowered buildings, or Contaminate may cause inaccurate times.
  • Supply counts are checked every 10 seconds.